AoeStats
← joosephy

Oasis

508424237Analyzed
4v4 RM · 10d ago on Sep 22, 2026· 24m 47s· 8 players
Game mode
Random Map
Map size
Large (8 player)
Population
200
Speed
Normal
Resources
Standard
Victory
Conquest
Starting age
Dark Age
Ending age
Imperial Age
RankedLock teamsTeams togetherTeam positionsShared explorationLock speedFull tech treeHidden civsTurbo modeCheats
Victory
Defeat
🇹🇼 Bulgarians · Taiwan
1566
+15
🇭🇰 Spanish · Hong Kong SAR China
1541
+16
1504
+18
🇦🇷 Gurjaras · Argentina
1460
+20
🇩🇪 Persians · Germany
1616
-20
🇫🇷 Koreans · France
1580
-19
🇺🇸 Khmer · United States
1491
-15
🇺🇸 Saracens · United States
1490
-15
前三十分钟没有我
9:12 Feudal Age
7:53 Loom
9:49 Double-Bit Axe
9:45 Horse Collar
15:18 Bloodlines
15:20 Scale Barding Armor
21:10 Castle Age
21:46 Light Cavalry
22:27 Husbandry
24:04 Wheelbarrow
23:15 Town Watch
25:03 Fletching
25:14 Padded Archer Armor
25:36 Chain Barding Armor
joosephy
4:31 Loom
9:48 Feudal Age
13:03 Double-Bit Axe
20:28 Castle Age
19:04 Stone Mining
22:01 Wheelbarrow
22:56 Town Watch
三十分钟后没有我
7:27 Loom
9:36 Feudal Age
11:39 Town Watch
11:42 Double-Bit Axe
13:54 Horse Collar
14:35 Scale Barding Armor
22:16 Castle Age
21:20 Bloodlines
22:07 Forging
22:02 Gold Mining
23:37 Bow Saw
pigpig_aoe
6:09 Loom
8:49 Feudal Age
10:00 Double-Bit Axe
10:43 Horse Collar
15:41 Scale Barding Armor
17:01 Wheelbarrow
20:28 Castle Age
18:57 Gold Mining
19:52 Bloodlines
21:36 Bow Saw
21:38 Husbandry
22:08 Town Watch
21:54 Light Cavalry
24:58 Stone Mining
Curly
10:09 Feudal Age
14:53 Castle Age
16:38 Horse Collar
18:17 Double-Bit Axe
22:48 Loom
24:04 Wheelbarrow
23:51 Heavy Plow
trollano
6:27 Loom
9:46 Feudal Age
11:16 Double-Bit Axe
13:15 Forging
15:32 Horse Collar
19:04 Wheelbarrow
20:09 Scale Barding Armor
22:49 Castle Age
21:34 Gold Mining
21:59 Bloodlines
22:49 Stone Mining
24:17 Chain Barding Armor
Hommi
6:12 Loom
9:21 Feudal Age
17:42 Fletching
19:50 Wheelbarrow
25:08 Castle Age
Jambonbeurre
7:08 Loom
9:26 Feudal Age
10:17 Double-Bit Axe
13:03 Scale Barding Armor
19:30 Castle Age
17:39 Gold Mining
17:58 Horse Collar
19:36 Fletching
20:18 Crossbowman
21:03 Bodkin Arrow
22:56 Husbandry
23:40 Bow Saw
Connection lost

Rejoining the realm…

Still unreachable

The connection could not be restored.

Session expired

The server has moved on; the page needs a fresh start.